 Dungeon Crawl Stone Soup version 0.31-a0-1620-gcbf77bbcfc (webtiles) character file.

Game seed: 13484677807942849336

481 isanas the Poker (level 6, -3/73 HPs)
             Began as a Demonspawn Berserker on Jan 11, 2024.
             Was a Follower of Trog.
             Incinerated by a bombardier beetle (4 damage)
             ... with a burning spray
             ... on level 4 of the Dungeon.
             The game lasted 00:14:34 (2460 turns).

isanas the Poker (Demonspawn Berserker)             Turns: 2460, Time: 00:14:35

Health: -3/73      AC:  7    Str: 19    XL:     6   Next: 87%
Magic:  6/6        EV: 11    Int:  7    God:    Trog [*.....]
Gold:   118        SH:  0    Dex: 15    Spells: 5/5 levels left

rFire   . . .        o - +0 scythe
rCold   . . .        (shield currently unavailable)
rNeg    . . .        s - +0 scale mail
rPois   .            t - +0 helmet
rElec   .            (no cloak)
rCorr   .            (no gloves)
SInv    .            (no boots)
Will    .....        (no amulet) Stlth
                     (no ring)
HPRegen 0.32/turn    (no ring)
MPRegen 0.20/turn

%: no passive effects
@: berserking (expiring), on fire, glowing, very quick
A: thin skeletal structure 1, magic regeneration, demonic touch 2
a: Renounce Religion, Berserk


You were on level 4 of the Dungeon.
You worshipped Trog.
Trog was aware of your devotion.
You visited 1 branch of the dungeon, and saw 4 of its levels.

You collected 118 gold pieces.

Inventory:

Hand Weapons
 a - a +0 spear
 o - a +0 scythe (weapon)
Armour
 b - a +0 animal skin
 i - a +0 ring mail
 p - a +0 robe of positive energy
 s - a +0 scale mail (worn)
 t - a +0 helmet (worn)
Magical Staves
 c - a staff of air
Jewellery
 j - an amulet of magic regeneration
 m - a +5 ring of evasion
 q - an amulet of magic regeneration
Talismans
 k - a blade talisman
 r - a serpent talisman
Scrolls
 d - a scroll of enchant weapon {unknown}
 f - 5 scrolls of identify {unknown}
 h - 2 scrolls of revelation {unknown}
 l - a scroll of poison {unknown}
 n - 2 scrolls of teleportation {unknown}
Potions
 e - a potion of enlightenment
 g - a potion of haste {unknown}


   Skills:
 + Level 4.4 Fighting
 + Level 5.1 Polearms
 + Level 3.1 Armour
 + Level 3.0 Dodging
 + Level 1.0 Stealth


You had 5 spell levels left.
You didn't know any spells.
Your spell library contained the following spells:

 Spells                   Type           Power      Damage    Failure   Level
 Slow                     Hex            0%         N/A       80%         1
 Confusing Touch          Hex            0%         N/A       99%         3
 Hailstorm                Conj/Ice       0%         3d5       99%         3
 Sigil of Binding         Hex            0%         N/A       99%         3
 Summon Ice Beast         Ice/Summ       0%         N/A       99%         3
 Vampiric Draining        Necr           0%         2d6       99%         3
 Sculpt Simulacrum        Ice/Alch       0%         N/A       100%        6


Dungeon Overview and Level Annotations

Branches:
Dungeon (4/15)
 Temple: D:4-7

Altars:
Trog


Innate Abilities, Weirdness & Mutations

You have a somewhat thin skeletal structure. (Dex +2, Stealth+)
You regenerate magic rapidly.
Your touch may inflict irresistible damage on your foes.


Message History

The liquid fire burns you! Something hits you.
* * * LOW HITPOINT WARNING * * *
You barely miss something. The liquid fire burns you!
* * * LOW HITPOINT WARNING * * *
You closely miss something. The liquid fire burns you!
* * * LOW HITPOINT WARNING * * *
Something hits you but does no damage.
You puncture something! The liquid fire burns you!
* * * LOW HITPOINT WARNING * * *
Something hits you but does no damage.
You miss something. The liquid fire burns you!
* * * LOW HITPOINT WARNING * * *
Something hits you but does no damage.
You are too berserk!
You hit something. Trog accepts your kill.
Trog appreciates your killing of a magic user.
Reactivating autopickup.
You feel a bit more experienced. The liquid fire burns you!
* * * LOW HITPOINT WARNING * * *
The bombardier beetle sprays incendiary fluid at you.
The burning spray hits you.
You are even more covered in liquid fire!
You shake off some of the fire as you move.
The liquid fire burns you!
* * * LOW HITPOINT WARNING * * *
Things that are here:
a +0 dagger; a +0 robe You are too berserk!
You are too berserk!
You puncture the bombardier beetle!
The bombardier beetle is almost dead.
The liquid fire burns you!
You die...

########### ##
........)B####.#
###.#...@)....#
##....####.#
##.#.# #.# . #.#
#.###.#.# #o#
.##.# #.......#
#o# ...#
#####'### #.# #
#..# ##...## ##
#. #..#
##.....##
#.###..#
##.......##


You could see a bombardier beetle.

Vanquished Creatures
  Grinder (D:3)
  Sigmund (D:2)
  A hound (D:4)
  An orc wizard (D:4)
  2 adders
  A dart slug (D:3)
  3 ribbon worms
  3 orcs (D:4)
  4 endoplasms
  7 giant cockroaches
  6 goblins
  5 hobgoblins
  3 quokkas
  7 ball pythons
  3 bats
  3 frilled lizards
  3 kobolds (D:1)
  8 rats
62 creatures vanquished.

Notes
Turn   | Place    | Note
-------+----------+-------------------------------------------
     0 | D:1      | isanas the Demonspawn Berserker began the quest for the
                  | Orb.
     0 | D:1      | Reached XP level 1. HP: 18/18 MP: 1/1
   255 | D:1      | Reached skill level 3 in Polearms
   255 | D:1      | Gained mutation: Your touch may inflict minor irresistible
                  | damage on your foes. [demonic ancestry]
   255 | D:1      | Reached XP level 2. HP: 17/24 MP: 2/2
   629 | D:1      | Gained mutation: You have a somewhat thin skeletal
                  | structure. (Dex +2, Stealth+) [demonic ancestry]
   629 | D:1      | Reached XP level 3. HP: 25/29 MP: 3/3
  1151 | D:2      | Noticed Sigmund
  1163 | D:2      | Killed Sigmund
  1164 | D:2      | Reached skill level 4 in Polearms
  1164 | D:2      | Gained mutation: You regenerate magic rapidly. [demonic
                  | ancestry]
  1164 | D:2      | Reached XP level 4. HP: 24/37 MP: 4/4
  1164 | D:2      | Reached XP level 5. HP: 28/42 MP: 5/5
  1184 | D:2      | You fall into a shaft and drop 1 floor!
  1403 | D:3      | Noticed a moth of wrath
  1435 | D:3      | Noticed Grinder
  1437 | D:3      | Paralysed by Grinder for 5 turns
  1454 | D:3      | Paralysed by Grinder for 5 turns
  1464 | D:3      | HP: 1/42 [Grinder (6)]
  1479 | D:3      | Killed Grinder
  1480 | D:3      | Reached skill level 1 in Stealth
  1480 | D:3      | Gained mutation: Your touch may inflict irresistible damage
                  | on your foes. [demonic ancestry]
  1480 | D:3      | Reached XP level 6. HP: 8/49 MP: 6/6
  1579 | D:3      | Found a bloodstained altar of Trog.
  1599 | D:3      | HP: 3/73 [ribbon worm (6)]
  1599 | D:3      | HP: 1/73 [rat (2)]
  1709 | D:3      | Identified the +2 dagger of Anxiety {vamp, rElec rC++
                  | Str+3}
  1852 | D:3      | Reached ** piety under Trog
  2394 | D:4      | Reached skill level 5 in Polearms
  2458 | D:4      | HP: 3/73 [burnt (3)]
  2459 | D:4      | HP: 1/73 [burnt (3)]
  2460 | D:4      | Incinerated by a bombardier beetle

Illustrated notes

Levels and vault maps discovered:
D:1:      heliophobic_arrival_battle_scene, layout_loops_ring,
          minmay_worlds_worst_comb
D:2:      layout_rooms, uniq_crazy_yiuf_cottage, uniq_sigmund
D:3:      layout_loops_corners, mainiacjoe_overflow_surrounded_room, tgw_trog,
          uniq_grinder
D:4:      layout_loops_corners, kennysheep_vampire_church,
          mainiacjoe_overflow_concentric_impassable, uniq_blork_the_orc

Skill      XL: |  1  2  3  4  5  6 |
---------------+-------------------+-----
Polearms       | 3 4 5 |  5.1
Armour         | 2 3 |  3.1
Fighting       | 4 |  4.4
Dodging        | 2 3 |  3.0
Stealth        | 1 |  1.0

Action                     |  1- 3 |  4- 6 || total
---------------------------+-------+-------++-------
  Melee: Spear             |   125 |    29 ||   154
         Touch             |    27 |     6 ||    33
         Punch             |     1 |     1 ||     2
         Halberd           |       |    68 ||    68
 Invoke: Berserk           |     2 |     4 ||     6
    Use: Potion            |       |     1 ||     1
   Stab: Distracted        |       |     1 ||     1
 Armour: Animal skin       |    41 |       ||    41
         Ring mail         |    15 |    51 ||    66
         Scale mail        |       |    62 ||    62
  Dodge: Dodged            |    63 |    81 ||   144

Table legend: (Time is in decaauts)
 A = Elapsed time spent in this place.
 B = Non-inter-level travel time spent in this place.
 C = Inter-level travel time spent in this place.
 D = Time resting spent in this place.
 E = Time spent auto-exploring this place.
 F = Levels seen in this place.
 G = Mean time per level.
                   A        B        C        D        E       F      G
               +--------+--------+--------+--------+--------+-----+--------+
         Total |   2508 |   2228 |    280 |      0 |      0 |   4 |  627.0 |
       Dungeon |   2508 |   2228 |    280 |      0 |      0 |   4 |  627.0 |
               +--------+--------+--------+--------+--------+-----+--------+

Top non-repeatable levels by time:
     D:3: 1186 daAuts
     D:1: 851 daAuts
     D:2: 339 daAuts
     D:4: 130 daAuts
